[Event "Team 45 45 League T64"]
[Site "Internet Chess Club"]
[Date "2015.03.05"]
[Round "1"]
[White "smsxman"]
[Black "BrerRabbit"]
[Result "0-1"]
[WhiteElo "1328"]
[BlackElo "1476"]
[Opening "Pirc: Ufimtsev-Pytel variation"]
[ECO "B07"]
[Time "10:48:34"]
[TimeControl "2700+45"]

1. e4 d6 2. d4 Nf6 3. Nc3 c6 4. Nf3 Bg4 5. Be2 e6 6. Bg5 Be7 7. e5 Nd5 8. Bxe7
Qxe7 9. exd6 Qxd6 10. Nxd5 cxd5 11. O-O O-O 12. Re1 Nc6 13. c3 Rfc8 14. a3 a6
15. Qd3 Bf5 16. Qe3 h6 17. Nh4 Be4 18. f3 Bh7 19. f4 Be4 20. Bd3 Bxd3 21. Qxd3
Qxf4 22. g3 Qd6 23. Rf1 Rf8 24. Ng2 Rac8 25. Rf2 Nb8 26. Raf1 Nd7 27. Qd1 Nf6
28. Rf4 Qb6 29. Rxf6 gxf6 30. Qg4+ Kh7 31. Qe2 e5 32. Kh1 e4 33. Nf4 Rcd8 34.
Nxd5 Rxd5 35. Qxe4+ Kg7 36. Qxd5 Qxb2 37. Qf3 Qb6 38. Qg4+ Kh7 39. d5 Qd6 40. a4
Qxd5+ 41. Qf3 Qxf3+ 42. Rxf3 Kg6 43. h4 Re8 44. g4 Re4 45. Rg3 Rxa4 46. Kg2 Rf4
47. Rh3 {White resigns} 0-1

[Event "Team 45 45 League T64"]
[Site "Internet Chess Club"]
[Date "2015.03.07"]
[Round "1"]
[White "PsyMar"]
[Black "olivermx"]
[Result "1/2-1/2"]
[WhiteElo "1253"]
[BlackElo "1413"]
[Opening "Sicilian"]
[ECO "B54"]
[Time "12:09:42"]
[TimeControl "2700+45"]

1. e4 c5 2. Nf3 d6 3. d4 cxd4 4. Nxd4 e5 5. Nb3 Nf6 6. Nc3 Be7 7. Be2 O-O 8. Bg5
Nbd7 9. Qd2 b6 10. Nb5 Nxe4 11. Bxe7 Qxe7 12. Qd5 Nxf2 13. O-O Nh3+ 14. gxh3 Ba6
15. Rae1 Nf6 16. Qxd6 Qe6 17. Qxe6 fxe6 18. Nc7 Bxe2 19. Rxe2 Rac8 20. Nxe6 Rfe8
21. Rxe5 Rxc2 22. Rb1 Nd7 23. Ned4 Rxe5 24. Nxc2 Re2 25. Ncd4 Re3 26. Kg2 Nf6
27. Rc1 Nd5 28. h4 Nf4+ 29. Kf2 Rh3 30. Nf3 Nd3+ 31. Kg2 Nf4+ 32. Kf2 {Game
drawn by mutual agreement} 1/2-1/2

[Event "Team 45 45 League T64"]
[Site "Internet Chess Club"]
[Date "2015.03.08"]
[Round "1"]
[White "rubo"]
[Black "deepfort"]
[Result "1-0"]
[WhiteElo "1623"]
[BlackElo "1504"]
[Opening "Sicilian: Smith-Morra gambit"]
[ECO "B21"]
[Time "04:00:56"]
[TimeControl "2700+45"]

1. e4 c5 2. d4 cxd4 3. c3 d5 4. exd5 Qxd5 5. cxd4 Nc6 6. Be3 e5 7. Nc3 Bb4 8.
dxe5 Bxc3+ 9. bxc3 Qxe5 10. Qc1 Nf6 11. Nf3 Qe7 12. Bb5 Bd7 13. O-O O-O 14. Re1
Qd8 15. Bg5 Qa5 16. c4 a6 17. Bxf6 gxf6 18. Bxc6 Bxc6 19. Nd4 Qg5 20. Nxc6 Qxc1
21. Ne7+ Kh8 22. Raxc1 Rad8 23. Nd5 {Black resigns} 1-0

[Event "Team 45 45 League T64"]
[Site "Internet Chess Club"]
[Date "2015.03.08"]
[Round "1"]
[White "bayoumicardio10"]
[Black "nosir"]
[Result "1-0"]
[WhiteElo "1666"]
[BlackElo "1447"]
[Opening "Sicilian: Grand Prix attack"]
[ECO "B23"]
[Time "20:00:28"]
[TimeControl "2700+45"]

1. e4 c5 2. Nc3 Nc6 3. f4 g6 4. Nf3 Bg7 5. Bb5 e6 6. Bxc6 bxc6 7. d3 Ne7 8. O-O
d6 9. e5 Nf5 10. Ne4 O-O 11. exd6 Nxd6 12. Nxc5 Nf5 13. Ne4 Rb8 14. Nc3 Qb6+ 15.
Kh1 Ne3 16. Bxe3 Qxe3 17. Qc1 Qxc1 18. Rfxc1 Rxb2 19. Ne5 Bxe5 20. fxe5 Bd7 21.
Rab1 Rfb8 22. Rxb2 Rxb2 23. Ne4 Be8 24. Nf6+ Kf8 25. Nxh7+ Kg7 26. Nf6 Kf8 27.
h3 Rxa2 28. Rb1 Rxc2 29. Rb8 Re2 30. Rxe8+ Kg7 31. Rg8+ Kh6 32. Ng4+ Kh7 33. Ra8
Ra2 34. Kh2 a5 35. Nf6+ Kg7 36. Ne4 Ra3 37. Nc5 g5 38. Ra7 Kg6 39. Ra6 Kf5 40.
d4 f6 41. exf6 Kxf6 42. Rxc6 Rc3 43. Rxe6+ Kf5 44. Ra6 Rc4 45. Rxa5 Kf4 46. Ne6+
Ke3 47. Rxg5 Rc1 48. d5 Kf2 49. Rf5+ Ke3 50. Rf3+ Ke4 51. d6 Rd1 52. d7 {Black
resigns} 1-0

[Event "Team 45 45 League T64"]
[Site "Internet Chess Club"]
[Date "2015.03.07"]
[Round "1"]
[White "g8wrb"]
[Black "JRussell2"]
[Result "1/2-1/2"]
[WhiteElo "1351"]
[BlackElo "1592"]
[Opening "Sicilian: Alapin's variation (2.c3)"]
[ECO "B22"]
[Time "14:17:34"]
[TimeControl "2700+45"]

1. e4 c5 2. c3 Nf6 3. e5 Nd5 4. d4 e6 5. Nf3 cxd4 6. cxd4 Bb4+ 7. Bd2 Qa5 8. Bd3
Nc6 9. O-O O-O 10. a3 Bxd2 11. Nbxd2 Qb6 12. Nb3 a5 13. Qc2 a4 14. Nc5 g6 15. b4
Qa7 16. b5 Nce7 17. Be4 b6 18. Bxd5 Nxd5 19. Ne4 Bb7 20. Rfe1 Rac8 21. Qd2 Rc7
22. Nd6 Ne7 23. Nxb7 Qxb7 24. Qb4 Nd5 25. Qxa4 Ra8 26. Qd1 Rc3 27. Rc1 Rcxa3 28.
Rc2 Qa7 29. h3 Ra1 30. Rc8+ Rxc8 31. Qxa1 Qxa1 32. Rxa1 Rc7 33. Kf1 Kf8 34. Ng5
h5 35. Ne4 Ke7 36. Ke2 Rc2+ 37. Nd2 Rb2 38. Rb1 Rxb1 39. Nxb1 d6 40. g3 dxe5 41.
dxe5 f6 42. f4 {Game drawn by mutual agreement} 1/2-1/2

[Event "Team 45 45 League T64"]
[Site "Internet Chess Club"]
[Date "2015.03.08"]
[Round "1"]
[White "Fulmar"]
[Black "SeniorCitizen"]
[Result "1-0"]
[WhiteElo "1252"]
[BlackElo "1388"]
[Opening "French defense"]
[ECO "C01"]
[Time "17:03:27"]
[TimeControl "2700+45"]

1. e4 e6 2. d4 d5 3. f3 c5 4. c3 cxd4 5. cxd4 dxe4 6. f4 Nf6 7. Nc3 Nc6 8. Nge2
Bb4 9. Bd2 O-O 10. a3 Bxc3 11. bxc3 Ne7 12. h3 b6 13. g4 Bb7 14. Rg1 Ng6 15. Rb1
Ba6 16. g5 Nd5 17. Qc1 e3 18. Bxe3 Qc7 19. Kd2 Bb5 20. Rxb5 Ndxf4 21. Nxf4 Nxf4
22. Rg4 Nd5 23. c4 Rfc8 24. Rb1 Nxe3 25. Kxe3 e5 26. d5 Qc5+ 27. Ke2 Re8 28. Rb5
Qd6 29. Bg2 a6 30. Rb3 Re7 31. Qc2 Rc8 32. Rh4 g6 33. Qe4 b5 34. Rc3 Rec7 35.
Kd3 bxc4+ 36. Kc2 Qc5 37. Qe3 Qd6 38. Qe2 Qd7 39. Qxe5 Qa4+ 40. Kd2 Qb5 41. Be4
Qc5 42. Rf4 Re7 43. Qf6 Rce8 44. Re3 Re5 45. d6 Qd4+ 46. Rd3 cxd3 47. Bf3 Qe3+
48. Kc3 Rc5+ 49. Kb4 Qd4+ 50. Rxd4 {Black resigns} 1-0

[Event "Team 45 45 League T64"]
[Site "Internet Chess Club"]
[Date "2015.03.07"]
[Round "1"]
[White "fuzzface"]
[Black "Leon13"]
[Result "1-0"]
[WhiteElo "1332"]
[BlackElo "1348"]
[Opening "Philidor's defense"]
[ECO "C41"]
[Time "09:03:35"]
[TimeControl "2700+45"]

1. e4 e5 2. Nf3 d6 3. Bc4 Be7 4. d3 Nf6 5. O-O Nc6 6. Nc3 Bg4 7. h3 Bh5 8. Be3
Nd4 9. Bxd4 exd4 10. Nd5 c6 11. Nf4 Bg6 12. Nxg6 hxg6 13. Re1 Nh5 14. Nxd4 Qd7
15. Qf3 Nf4 16. Qxf4 O-O-O 17. Qxf7 Kb8 18. Be6 Qc7 19. Qxg6 Bf6 20. c3 Rh6 21.
Qf7 Qb6 22. Bb3 Bxd4 23. cxd4 Qxd4 24. Qc4 Qf6 25. Qf7 Qd4 26. e5 dxe5 27. Qxg7
Qf4 28. Qxe5+ Qxe5 29. Rxe5 Rxd3 30. Re8+ Kc7 31. Rd1 Rdd6 32. Rxd6 Rxd6 33.
Re7+ Kb6 34. Re6 Rd2 35. h4 Rxb2 36. h5 Rb1+ 37. Kh2 Rc1 38. h6 Rc5 39. h7 Rh5+
40. Kg1 Kc7 41. Bc2 Kd7 42. Re3 Kd8 43. Rg3 Ke7 44. Rg8 {Black resigns} 1-0

[Event "Team 45 45 League T64"]
[Site "Internet Chess Club"]
[Date "2015.03.10"]
[Round "1"]
[White "Arawn"]
[Black "jaybird44"]
[Result "1-0"]
[WhiteElo "1255"]
[BlackElo "1231"]
[Opening "Sicilian: Nimzovich-Rossolimo attack (without ...d6)"]
[ECO "B30"]
[Time "10:12:16"]
[TimeControl "2700+45"]

1. e4 c5 2. Nf3 Nc6 3. Bb5 Nd4 4. Nxd4 cxd4 5. c4 e5 6. O-O Nf6 7. d3 Be7 8. f4
a6 9. fxe5 Nxe4 10. dxe4 axb5 11. Qxd4 b6 12. Qd5 Bc5+ 13. Kh1 Qe7 14. Qxa8 O-O
15. Nc3 bxc4 16. Na4 d6 17. Nxc5 bxc5 18. exd6 Qxd6 19. Bf4 Qd4 20. Rab1 Bh3 21.
Qd5 Bxg2+ 22. Kxg2 Rd8 23. Qxd4 cxd4 24. Rbc1 d3 25. Rxc4 d2 26. Rd1 f6 27. Rxd2
Rxd2+ 28. Bxd2 Kf7 29. a4 {Black resigns} 1-0

[Event "Team 45 45 League T64"]
[Site "Internet Chess Club"]
[Date "2015.03.07"]
[Round "1"]
[White "wildangels"]
[Black "rgadoury"]
[Result "0-1"]
[WhiteElo "1020"]
[BlackElo "1452"]
[Opening "Réti opening"]
[ECO "A05"]
[Time "15:00:34"]
[TimeControl "2700+45"]

1. Nf3 Nf6 2. d3 Nc6 3. e4 e5 4. Nbd2 Bc5 5. g3 d6 6. h3 O-O 7. Bg2 b5 8. c3 Bb7
9. O-O Re8 10. Nh4 Ne7 11. Ndf3 Rb8 12. Bg5 Nd7 13. Re1 f6 14. Be3 Bxe3 15. Rxe3
d5 16. d4 dxe4 17. Ne1 exd4 18. cxd4 Bd5 19. Qh5 c6 20. Nf5 Nxf5 21. Qxf5 Nf8
22. Nc2 a5 23. h4 g6 24. Qg4 h5 25. Qe2 Bc4 26. Qd2 Bd3 27. Rd1 b4 28. b3 Qd6
29. Ree1 f5 30. Kh2 Kg7 31. Kh3 Ne6 32. f4 exf3 33. Bxf3 Bxc2 34. Qxc2 Nc7 35.
Rg1 Nd5 36. Bxd5 Qxd5 37. Qc1 Qe4 38. Qc5 Qg4+ 39. Kh2 Re2+ 40. Rg2 Rxg2+ 41.
Kxg2 Qxd1 42. Qe5+ Kh6 43. Qf4+ Kg7 44. Qe5+ Kf7 45. Qc7+ Ke8 46. Qxb8+ Kd7 47.
Qf4 Qc2+ 48. Qf2 Qxf2+ 49. Kxf2 Kd6 50. Kf3 Kd5 51. Kf4 Kxd4 52. Kg5 c5 53. Kxg6
c4 54. Kxh5 c3 55. Kg5 c2 56. h5 c1=Q+ 57. Kxf5 Qh6 58. g4 Kc3 59. g5 Qxh5 60.
Kf6 Kb2 61. g6 Qxg6+ 62. Kxg6 Kxa2 {White resigns} 0-1

[Event "Team 45 45 League T64"]
[Site "Internet Chess Club"]
[Date "2015.03.08"]
[Round "1"]
[White "semperfi"]
[Black "smsxman"]
[Result "0-1"]
[WhiteElo "1403"]
[BlackElo "1344"]
[Opening "Queen's pawn game"]
[ECO "D04"]
[Time "11:00:10"]
[TimeControl "2700+45"]

1. d4 d5 2. Nf3 Nf6 3. e3 Nc6 4. c3 Bg4 5. Bd3 e5 6. dxe5 Nxe5 7. Qa4+ Nc6 8.
Ne5 Bd7 9. Nxd7 Nxd7 10. Qb3 Nde5 11. Be2 a6 12. Qxb7 Na5 13. Bb5+ axb5 14.
Qxb5+ c6 15. Qe2 Bd6 16. O-O O-O 17. f4 Ng6 18. Qh5 Qh4 19. Qxh4 Nxh4 20. g3 Nf5
21. Re1 Rfe8 22. b3 c5 23. Na3 d4 24. Nb5 Bb8 25. cxd4 cxd4 26. e4 Nxb3 27. Rb1
Nxc1 28. Rexc1 Nd6 29. Nxd6 Bxd6 30. e5 Bf8 31. Rc2 Red8 32. Ra1 g6 33. a4 Bb4
34. Rc4 Bc3 35. Ra2 Rdb8 36. Kf2 Rb2+ 37. Rxb2 Bxb2 38. Ke2 Bc3 39. h4 h5 40.
Kd3 Rb8 41. Rxc3 dxc3 42. Kxc3 Kf8 43. a5 Ke7 44. Kc4 Kd7 45. Kc5 Kc7 46. a6 Rb3
47. a7 Ra3 48. Kd5 Rxa7 49. e6 Ra5+ 50. Ke4 fxe6 {White resigns} 0-1

[Event "Team 45 45 League T64"]
[Site "Internet Chess Club"]
[Date "2015.03.09"]
[Round "1"]
[White "SeniorCitizen"]
[Black "Aquaman"]
[Result "0-1"]
[WhiteElo "1370"]
[BlackElo "1369"]
[Opening "Sicilian: dragon, classical, 9.Nb3"]
[ECO "B74"]
[Time "15:00:20"]
[TimeControl "2700+45"]

1. e4 c5 2. Nf3 d6 3. Nc3 Nf6 4. d4 cxd4 5. Nxd4 Nc6 6. Be2 g6 7. O-O Bg7 8. Nb3
O-O 9. Be3 h6 10. Qd2 Kh7 11. f4 a6 12. Kh1 b5 13. Bd3 Nb4 14. a3 Nxd3 15. cxd3
Bb7 16. Ne2 Rc8 17. Rfc1 Ng4 18. Bg1 h5 19. Rxc8 Bxc8 20. Rc1 Bb7 21. Qa5 Bxb2
22. Qxd8 Rxd8 23. Rc7 Bc8 24. Rxe7 Kg8 25. Rc7 Bxa3 26. Rc2 b4 27. Ned4 Bd7 28.
h3 Nf6 29. Nc6 Re8 30. Bd4 Nh7 31. Bb2 Bxc6 32. Bxa3 bxa3 33. Ra2 Bb5 {White
resigns} 0-1

[Event "Team 45 45 League T64"]
[Site "Internet Chess Club"]
[Date "2015.03.08"]
[Round "1"]
[White "artspir"]
[Black "parzival"]
[Result "1-0"]
[WhiteElo "1234"]
[BlackElo "989"]
[Opening "Modern defense"]
[ECO "A40"]
[Time "10:00:29"]
[TimeControl "2700+45"]

1. d4 g6 2. Nf3 Bg7 3. Bf4 Nf6 4. Nbd2 O-O 5. e3 d6 6. Be2 Nd5 7. Bg3 Nc6 8. c3
f6 9. O-O e5 10. Bc4 Be6 11. e4 Nf4 12. Bxf4 exf4 13. Bxe6+ Kh8 14. d5 Ne5 15.
Nxe5 fxe5 16. Qb3 Rb8 17. f3 c6 18. Nc4 Re8 19. Rfd1 b5 20. Nd2 Qb6+ 21. Kh1 c5
22. a4 c4 23. Qc2 Qc5 24. Bd7 b4 25. Bxe8 Rxe8 26. b3 bxc3 27. Qxc3 Qd4 28. Qxc4
Qc5 29. Qxc5 dxc5 30. Nc4 Rb8 31. Rab1 Bf8 32. d6 Kg7 33. d7 Be7 {Black resigns}
1-0

[Event "Team 45 45 League T64"]
[Site "Internet Chess Club"]
[Date "2015.03.08"]
[Round "1"]
[White "oldbookseller"]
[Black "RobertBuice"]
[Result "0-1"]
[WhiteElo "1149"]
[BlackElo "1191"]
[Opening "Queen's pawn game"]
[ECO "D04"]
[Time "15:00:27"]
[TimeControl "2700+45"]

1. d4 d5 2. Nf3 Nf6 3. e3 Nc6 4. Bd3 e6 5. Nbd2 Bd6 6. O-O O-O 7. b3 e5 8. dxe5
Nxe5 9. Nxe5 Bxe5 10. Rb1 Bxh2+ 11. Kh1 Ng4 12. Qf3 Qh4 13. g3 Qh3 14. e4 Bg1+
{White resigns} 0-1

[Event "Team 45 45 League T64"]
[Site "Internet Chess Club"]
[Date "2015.03.07"]
[Round "1"]
[White "pishd"]
[Black "fishhead"]
[Result "0-1"]
[WhiteElo "1760"]
[BlackElo "1831"]
[Opening "King's Indian: East Indian defense"]
[ECO "A48"]
[Time "11:07:27"]
[TimeControl "2700+45"]

1. d4 Nf6 2. Nf3 g6 3. e3 Bg7 4. Be2 d6 5. O-O c6 6. c4 Qc7 7. b4 Nbd7 8. Nc3
O-O 9. a4 e5 10. a5 Re8 11. b5 exd4 12. exd4 d5 13. Ra3 a6 14. b6 Qd8 15. cxd5
Nxd5 16. Nxd5 cxd5 17. Bg5 Nf6 18. Rc3 Bg4 19. h3 Ne4 20. Re3 Nxg5 21. hxg4 Rxe3
22. fxe3 Ne4 23. Bd3 Bh6 24. Qe1 Rc8 25. Bxe4 dxe4 26. Nd2 Rc3 27. Nxe4 Rxe3 28.
Qf2 Rxe4 29. Qxf7+ Kh8 30. Qxb7 Be3+ 31. Rf2 Qf8 32. Qc7 Bxf2+ 33. Kh1 Qh6+
{White resigns} 0-1

[Event "Team 45 45 League T64"]
[Site "Internet Chess Club"]
[Date "2015.03.09"]
[Round "1"]
[White "Bleddyn"]
[Black "lilith"]
[Result "1-0"]
[WhiteElo "1754"]
[BlackElo "1425"]
[Opening "QGD: exchange, positional line"]
[ECO "D35"]
[Time "21:02:43"]
[TimeControl "2700+45"]

1. d4 d5 2. c4 Nf6 3. Nc3 e6 4. cxd5 exd5 5. Bg5 Be7 6. e3 Be6 7. Bd3 O-O 8.
Nge2 Nbd7 9. f3 c5 10. O-O a6 11. Bh4 Rc8 12. dxc5 Bxc5 13. Nd4 b5 14. Nce2 Re8
15. a4 Ne5 16. axb5 a5 17. Bg3 Nxd3 18. Qxd3 Qb6 19. Ra4 Bd7 20. Nc3 Re7 21.
Rfa1 Bb4 22. Bf2 Rce8 23. Re1 Bc5 24. Raa1 g6 25. Na4 Bxb5 26. Nxb5 Qc6 27. Nxc5
Qxc5 28. Nd4 Rb8 29. Rec1 Qd6 30. Bg3 {Black resigns} 1-0

[Event "Team 45 45 League T64"]
[Site "Internet Chess Club"]
[Date "2015.03.07"]
[Round "1"]
[White "Fogbound"]
[Black "TINAyoufatlard"]
[Result "0-1"]
[WhiteElo "1255"]
[BlackElo "1420"]
[Opening "Queen's bishop game"]
[ECO "A45"]
[Time "12:00:31"]
[TimeControl "2700+45"]

1. d4 Nf6 2. Bf4 d5 3. Nf3 Bf5 4. e3 e6 5. Be2 c5 6. c3 Nc6 7. O-O cxd4 8. exd4
Bd6 9. Ne5 Qc7 10. Bb5 O-O 11. Re1 a6 12. Ba4 Rfd8 13. Bc2 Bxc2 14. Qxc2 Nd7 15.
Nxf7 Kxf7 16. Qxh7 Rh8 17. Qd3 Bxf4 18. Qf3 Ke7 19. g3 Bh6 20. Qg4 Qd6 21. Nd2
Rhf8 22. Re2 Nf6 23. Qh4 Kd7 24. Rae1 Rae8 25. Nb3 Ne4 26. Nc5+ Nxc5 27. dxc5
Qxc5 28. Qh3 Qd6 29. Qg4 Rf6 30. Qa4 Kc7 31. b4 Re7 32. b5 axb5 33. Qxb5 Nd8 34.
Rb1 Qc6 35. Qa5+ Kd7 36. Rb6 Qc7 37. Qb5+ Kc8 38. Rb2 Qxc3 39. Rxb7 Qe1+ 40. Kg2
Qe4+ 41. Kg1 Rxb7 42. Qc5+ Rc7 43. Rb8+ Kxb8 44. Qb6+ Kc8 45. Qa6+ Nb7 46. Qa8+
Kd7 47. Qa3 Rc1+ {White resigns} 0-1

[Event "Team 45 45 League T64"]
[Site "Internet Chess Club"]
[Date "2015.03.09"]
[Round "1"]
[White "Egmont"]
[Black "SaltofLife"]
[Result "1/2-1/2"]
[WhiteElo "1820"]
[BlackElo "1928"]
[Opening "Queen's pawn: Yusupov-Rubinstein system"]
[ECO "A46"]
[Time "10:01:01"]
[TimeControl "2700+45"]

1. d4 Nf6 2. Nf3 e6 3. e3 b6 4. Nbd2 Bb7 5. Bd3 c5 6. c3 d6 7. O-O Nbd7 8. Re1
g6 9. Qe2 Bg7 10. Ba6 Bc6 11. Bb5 Qc7 12. Bxc6 Qxc6 13. e4 O-O 14. Nb3 a5 15.
Bf4 Nh5 16. Bg5 h6 17. Bh4 a4 18. Nc1 b5 19. Nd3 Qb6 20. Nd2 c4 21. Nb4 Rae8 22.
f3 Nf4 23. Qe3 g5 24. Bf2 d5 25. Nf1 Qd8 26. Ng3 f5 27. exd5 Nxd5 28. Nxd5 exd5
29. Qd2 f4 30. Nf1 Nb8 31. Qc2 Qf6 32. b3 a3 33. bxc4 bxc4 34. Qa4 Rxe1 35. Rxe1
Qd6 36. Nd2 Nd7 37. Nb1 Nb6 38. Qxa3 Qxa3 39. Nxa3 Ra8 40. Nb5 Rxa2 41. Rb1 Na4
42. Be1 Rc2 43. Nc7 Nxc3 44. Bxc3 Rxc3 45. Nxd5 Bxd4+ 46. Kf1 Rc2 47. Ne7+ Kf7
48. Nf5 Bb2 49. Nd6+ Ke6 50. Nxc4 Rc1+ 51. Rxc1 Bxc1 52. Ke2 Kd5 53. Kd3 h5 54.
h3 Ke6 55. Ke4 Kf6 {Game drawn by mutual agreement} 1/2-1/2

[Event "Team 45 45 League T64"]
[Site "Internet Chess Club"]
[Date "2015.03.08"]
[Round "1"]
[White "parrot9"]
[Black "AVEMARIA"]
[Result "1/2-1/2"]
[WhiteElo "1700"]
[BlackElo "1642"]
[Opening "Caro-Kann: classical variation"]
[ECO "B18"]
[Time "10:01:00"]
[TimeControl "2700+45"]

1. e4 c6 2. d4 d5 3. Nc3 dxe4 4. Nxe4 Bf5 5. Ng3 Bg6 6. Nf3 Nd7 7. Bd3 Ngf6 8.
h4 Bxd3 9. Qxd3 e6 10. Bd2 Bd6 11. Ne4 Nxe4 12. Qxe4 Nf6 13. Qe2 h6 14. O-O-O
Qc7 15. Ne5 O-O-O 16. Nc4 Bf4 17. Be3 Nd5 18. Kb1 Bxe3 19. fxe3 Kb8 20. Rhf1
Rhf8 21. Qe1 f6 22. e4 Nb6 23. Nxb6 Qxb6 24. Qg3+ Qc7 {Game drawn by mutual
agreement} 1/2-1/2

[Event "Team 45 45 League T64"]
[Site "Internet Chess Club"]
[Date "2015.03.07"]
[Round "1"]
[White "Visin"]
[Black "Kingofknights"]
[Result "1/2-1/2"]
[WhiteElo "1297"]
[BlackElo "1608"]
[Opening "Caro-Kann: exchange variation"]
[ECO "B13"]
[Time "08:00:31"]
[TimeControl "2700+45"]

1. e4 c6 2. d4 d5 3. exd5 cxd5 4. Nf3 Nf6 5. Be3 Bg4 6. Be2 e6 7. Nbd2 Nc6 8.
O-O Be7 9. c4 dxc4 10. Bxc4 O-O 11. a3 Nd5 12. Qb3 Na5 13. Qa2 Nxc4 14. Qxc4 Rc8
15. Qb3 Nb6 16. Rac1 Qd6 17. Rc3 Rxc3 18. Qxc3 Rc8 19. Qb3 Qc6 20. Ne5 Qc2 21.
Nxg4 Qxb3 22. Nxb3 Rc2 23. Na5 f6 24. Nxb7 h5 25. Ne5 fxe5 26. dxe5 Rxb2 27. Nd6
Ra2 28. Bxb6 axb6 29. Rb1 Rxa3 30. g3 Ra6 31. Nc4 Bc5 32. Kg2 Ra2 33. Rb2 Rxb2
34. Nxb2 Bd4 35. Nd3 b5 36. Kf3 g5 37. Ke4 Bc3 38. f4 gxf4 39. gxf4 b4 40. Nc5
Kf7 41. Kd3 h4 42. Kc2 Bd4 43. Nd3 Be3 44. Kb3 Kg6 45. Kxb4 Kf5 46. Kc4 Ke4 47.
Nc5+ Kxf4 48. Nxe6+ Kxe5 49. Kd3 Bg1 50. Ng5 Kf4 51. Nh3+ Kf3 52. Nxg1+ Kg2 53.
Ne2 Kxh2 54. Nf4 Kg3 55. Ke3 h3 56. Nxh3 {Game drawn because neither player has
mating material} 1/2-1/2

[Event "Team 45 45 League T64"]
[Site "Internet Chess Club"]
[Date "2015.03.05"]
[Round "1"]
[White "GideonL"]
[Black "ethan0627"]
[Result "0-1"]
[WhiteElo "1640"]
[BlackElo "1461"]
[Opening "Sicilian: Labourdonnais-Löwenthal variation"]
[ECO "B32"]
[Time "16:11:03"]
[TimeControl "2700+45"]

1. e4 c5 2. Nf3 Nc6 3. d4 cxd4 4. Nxd4 e5 5. Nxc6 bxc6 6. Nc3 Nf6 7. Bd3 Bb4 8.
Bd2 d5 9. f3 Bc5 10. a3 O-O 11. b4 Bb6 12. Na4 Bc7 13. O-O dxe4 14. Bxe4 Nxe4
15. fxe4 Qd4+ 16. Kh1 Qxe4 17. Nc5 Qd5 18. Qe2 Re8 19. c4 Qd6 20. Rad1 Qg6 21.
Bf4 Bg4 22. Qd2 Bxd1 23. Bxe5 Bxe5 24. Rxd1 Qd6 25. Qc2 Qh6 26. h3 Qf4 27. Kg1
{White resigns} 0-1

[Event "Team 45 45 League T64"]
[Site "Internet Chess Club"]
[Date "2015.03.06"]
[Round "1"]
[White "Legomaster"]
[Black "guyd52"]
[Result "0-1"]
[WhiteElo "1186"]
[BlackElo "1314"]
[Opening "Robatsch (modern) defense"]
[ECO "B06"]
[Time "20:00:47"]
[TimeControl "2700+45"]

1. e4 g6 2. Nf3 d6 3. Nc3 Bg7 4. Be2 Nf6 5. d3 O-O 6. O-O e5 7. Be3 Be6 8. Qd2
Nbd7 9. b3 Ng4 10. a4 Nxe3 11. Qxe3 Nf6 12. Qd2 a6 13. Na2 c5 14. c4 Ng4 15. h3
Nf6 16. Rfb1 Qd7 17. a5 Rfb8 18. b4 Qc6 19. bxc5 Qxc5 20. Qb4 Nd7 21. Qxc5 Nxc5
22. Nc3 Bf6 23. Na4 Nxa4 24. Rxa4 Bd7 25. Rab4 Bc6 26. Bd1 Bd8 27. Ra1 b6 28.
axb6 Bxb6 29. Ba4 Bxa4 30. Rbxa4 a5 31. Ne1 Bc7 32. Nc2 Rb3 33. Ne1 Kg7 34. g4
Rab8 35. h4 f6 36. f3 Rb2 37. R1a2 Bb6+ 38. Kf1 Rb1 39. h5 Bd8 40. hxg6 hxg6 41.
Rc2 Bb6 42. Ke2 Rh8 43. Kf1 Rh1+ 44. Kg2 Rbxe1 45. Re2 Reg1# {White checkmated}
0-1

[Event "Team 45 45 League T64"]
[Site "Internet Chess Club"]
[Date "2015.03.08"]
[Round "1"]
[White "WilmaP"]
[Black "Uku"]
[Result "0-1"]
[WhiteElo "1200"]
[BlackElo "1414"]
[Opening "Two knights defense (Modern bishop's opening)"]
[ECO "C55"]
[Time "14:00:27"]
[TimeControl "2700+45"]

1. e4 e5 2. Nf3 Nc6 3. Bc4 Nf6 4. d3 Bb4+ 5. c3 Ba5 6. Be3 h6 7. Nbd2 a6 8. Nb3
b5 9. Nxa5 bxc4 10. Nxc6 dxc6 11. Nxe5 cxd3 12. Nxd3 Nxe4 13. O-O O-O 14. Qc2
Bf5 15. Rad1 Qe7 16. Qb3 Rad8 17. Bc5 Nxc5 18. Nxc5 Qxc5 19. Rde1 Bd3 20. h3
Bxf1 21. Kxf1 Qb5+ 22. Kg1 Qxb3 23. axb3 Rb8 24. Re7 Rfc8 25. b4 c5 26. g4 cxb4
27. c4 Kf8 28. Re4 Re8 29. Rd4 Rbd8 30. Rf4 g5 31. Rf6 Rd6 32. Rf3 Re4 33. c5
Rc6 34. Rf5 Rc4 35. Rd5 R4xc5 36. Rd8+ Ke7 37. Rh8 Rc2 38. b3 Rb2 39. h4 gxh4
40. g5 hxg5 41. Kg2 Rxb3 42. f3 Rf6 43. Rc8 Kd7 44. Rg8 Rf5 45. f4 gxf4 46. Rg4
h3+ 47. Kh2 f3 48. Rd4+ Ke7 49. Re4+ Kd7 50. Rd4+ Kc8 51. Kxh3 f2+ 52. Kg2 f1=Q+
53. Kh2 Rh5+ 54. Rh4 Rxh4# {White checkmated} 0-1

[Event "Team 45 45 League T64"]
[Site "Internet Chess Club"]
[Date "2015.03.07"]
[Round "1"]
[White "princevultan2"]
[Black "WzeroMN"]
[Result "0-1"]
[WhiteElo "1115"]
[BlackElo "1132"]
[Opening "Four knights: Spanish variation"]
[ECO "C48"]
[Time "11:04:59"]
[TimeControl "2700+45"]

1. e4 e5 2. Nf3 Nc6 3. Nc3 Nf6 4. Bb5 d6 5. d3 h6 6. Be3 Be7 7. O-O O-O 8. d4
exd4 9. Nxd4 Nxd4 10. Bxd4 Bd7 11. Bc4 c5 12. Be3 a6 13. Qf3 b5 14. Bd5 Ra7 15.
Qg3 Nh5 16. Qf3 Nf6 17. a3 Nxd5 18. exd5 Bg5 19. Bxg5 Qxg5 20. Rad1 Bg4 21. Qg3
Bxd1 22. Qxg5 hxg5 23. Rxd1 Re7 24. Kf1 Rfe8 25. b3 b4 26. axb4 cxb4 27. Na4 Re2
28. c3 bxc3 29. Nxc3 Rb2 30. Rb1 Rxb1+ 31. Nxb1 Rb8 32. Nd2 Rb5 33. Ke2 Rxd5 34.
g3 f5 35. f3 Rc5 36. Kd3 Kf7 37. h3 Ke6 38. h4 gxh4 39. gxh4 Ke5 40. f4+ Kd5 41.
h5 Rc8 42. Nf3 Rh8 43. Nh4 Rxh5 44. Ng6 Rh3+ 45. Kc2 Rg3 46. Ne7+ Ke4 47. Nc6
Kxf4 48. Nb4 a5 49. Nd5+ Ke4 50. Nc3+ Rxc3+ 51. Kxc3 Ke3 52. Kc4 f4 53. Kd5 f3
54. Kxd6 f2 55. Ke6 f1=Q 56. Kd6 Qd3+ 57. Ke6 Qxb3+ 58. Kf5 a4 59. Kg6 Qc3 60.
Kf5 a3 61. Kg5 a2 62. Kf5 a1=Q 63. Ke6 Qa6+ 64. Kd5 Qac6# {White checkmated} 0-1

[Event "Team 45 45 League T64"]
[Site "Internet Chess Club"]
[Date "2015.03.04"]
[Round "1"]
[White "Ilamihir"]
[Black "dabodhi"]
[Result "0-1"]
[WhiteElo "1140"]
[BlackElo "1375"]
[Opening "Nimzo-Indian defense"]
[ECO "E20"]
[Time "19:01:39"]
[TimeControl "2700+45"]

1. d4 Nf6 2. c4 e6 3. Nc3 Bb4 4. Bd2 O-O 5. Nf3 b6 6. e3 Bb7 7. a3 Bxc3 8. Bxc3
Ne4 9. Qc2 Nxc3 10. Qxc3 d6 11. Nd2 Qe7 12. Bd3 Nd7 13. O-O Qg5 14. f3 c5 15.
Kh1 d5 16. cxd5 Bxd5 17. e4 Bb7 18. dxc5 Nxc5 19. Bc2 Rac8 20. Rac1 Rfd8 21.
Rfe1 Rxd2 22. Qxd2 Qxd2 23. Red1 Qg5 24. b4 Nd3 25. Bxd3 Rxc1 26. Rf1 Rxf1+ 27.
Bxf1 Qc1 28. h3 Qxf1+ 29. Kh2 Qf2 30. a4 f5 31. exf5 exf5 32. b5 Bxf3 33. h4
Qxg2# {White checkmated} 0-1

[Event "Team 45 45 League T64"]
[Site "Internet Chess Club"]
[Date "2015.03.06"]
[Round "1"]
[White "seattleblues"]
[Black "stantheman59"]
[Result "1-0"]
[WhiteElo "1485"]
[BlackElo "1265"]
[Opening "QGD: Ragozin variation"]
[ECO "D38"]
[Time "21:03:14"]
[TimeControl "2700+45"]

1. d4 e6 2. Nf3 d5 3. c4 Nf6 4. Nc3 Bb4 5. Bg5 h6 6. Bh4 b6 7. Qa4+ Bd7 8. Qxb4
Nc6 9. Qb3 Na5 10. Qb4 Nxc4 11. e4 a5 12. Qb3 Nd6 13. e5 a4 14. Qc2 g5 15. Bg3
Nfe4 16. exd6 Nxd6 17. Bd3 f5 18. h3 Qf6 19. Be5 Qf8 20. Bxh8 Qxh8 21. Ne5 c5
22. Nxd7 Kxd7 23. dxc5 bxc5 24. Bb5+ Ke7 25. O-O d4 26. Nd5+ exd5 27. Rae1+ Kf6
28. Bd7 Ne4 29. Bc6 Ke5 30. f3 g4 31. fxe4 gxh3 32. exf5+ Kd6 33. Re6+ Kc7 34.
Bxa8 Qxa8 35. Qxc5+ Kb7 36. Rb6+ Ka7 37. Qa5# {Black checkmated} 1-0